Cogmind - Beta 16.1 @@@ ROGUE MODE // 2026.02.19 @ 10:58:09 // Winter2019/RPGLIKE Player: badjay Result: Destroyed by B-99 Colossus with Multirail Performance ------------- Evolutions (9) 4500 Regions Visited (27) 5400 Robots Destroyed (310) 1550 Value Destroyed (17867) 17867 Prototype IDs (61) 1220 Alien Tech Used (1) 200 Bonus (6847) 6847 TOTAL SCORE: 37584 Bonus ------- Triggered High Security 500 High Alert Combat Kills 3275 Follower Combat Kills 172 Hunted by Unchained 500 Destroyed Unchained 1000 Entered DSFs 500 Met Data Miner 300 Met Imprinter 300 Met Zhirov 300 Cogmind --------- Core Integrity 0/600 Matter 400/400 Energy 8/340 System Corruption 0% Temperature Cool (0) Movement Flying (17) Location -1/Command Parts ------- > --- POWER (1) -------- Heavy Antimatter Reactor > --- PROPULSION (6) --- Electron Diverter Improved Q-thruster Cooled Q-thruster Experimental Q-thruster Experimental Q-thruster > --- UTILITY (13) ----- Advanced Power Amplifier Experimental Optical Array Experimental Melee Analysis Suite Advanced Target Analyzer Experimental Core Analyzer Improved Armor Integrity Analyzer Nanoactuators Improved Transmission Jammer Improved Reaction Control System Improved Phase Shifter Experimental Cloaking Device Advanced Force Field Improved Corruption Screen > --- WEAPON (4) ------- Force Lance Force Lance Plasma Lance > --- INVENTORY (3) ---- Advanced Actuator Array Experimental EM Shield Transdimensional Reconstructor Peak State ------------ > --- POWER ------------ Heavy Antimatter Reactor > --- PROPULSION ------- Electron Diverter Electron Diverter Improved Q-thruster Cooled Q-thruster Experimental Q-thruster Experimental Q-thruster > --- UTILITY ---------- Advanced Power Amplifier Experimental Melee Analysis Suite Advanced Target Analyzer Experimental Core Analyzer Improved Armor Integrity Analyzer Nanoactuators Improved Transmission Jammer Improved Reaction Control System Improved Phase Shifter Experimental Cloaking Device Advanced Force Field Quantum Router Improved Corruption Screen > --- WEAPON ----------- Particle Cleaver Force Lance Force Lance Force Lance > --- INVENTORY -------- Advanced Actuator Array Experimental EM Shield Transdimensional Reconstructor [Rating: 197] Favorites ----------- Power Heavy Deuterium Engine Engine Heavy Deuterium Engine Power Core Neutrino Core Reactor Heavy Antimatter Reactor Propulsion Cooled Nuclear Pulse Thruster Flight Unit Cooled Nuclear Pulse Thruster Utility Improved Reaction Control System Device Improved Reaction Control System Processor Core Analyzer Hackware Quantum Router Protection Experimental Utility Shielding Weapon Kinetic Spear Energy Gun EM Shotgun Launcher Grenade Launcher Impact Weapon Maul Slashing Weapon Particle Cleaver Piercing Weapon Kinetic Spear Build | -11 -10 -10 -10 -9 -8 -7 -7 -7 -7 -6 -6 -6 -6 -6 -5 -5 -5 -5 -5 -4 -4 -4 -3 -3 -2 -1 -1 ------- Run | Yrd Mat Min Exi Min Mat Fac Low Low Zio Pro Fac Low Low Dat Pro Fac Upp Upp Zhi Pro Fac DSF Res Tes Res Acc Com Slots Evolved 20 | . . . . . 4 3 1 . . . 2 2 . . 1 3 . 1 . . . . 1 . . 2 . Power . | . . . . . . . . . . . . . . . . . . . . . . . . . . . . Propulsion 5 | . . . . . 3 . . . . . . . . . . 1 . . . . . . . . . 1 . Utility 12 | . . . . . 1 2 1 . . . 2 . . . 1 2 . 1 . . . . 1 . . 1 . Weapon 3 | . . . . . . 1 . . . . . 2 . . . . . . . . . . . . . . . Parts Attached 114 | . . 1 . 3 9 16 . 2 2 3 9 2 . . 1 13 1 1 1 . 10 1 6 15 2 8 8 Power 11 | . . . . . 2 2 . . . . . . . . . 2 . . . . . . 2 2 1 . . Engine 3 | . . . . . 2 1 . . . . . . . . . . . . . . . . . . . . . Core 3 | . . . . . . 1 . . . . . . . . . 1 . . . . . . 1 . . . . Reactor 5 | . . . . . . . . . . . . . . . . 1 . . . . . . 1 2 1 . . Propulsion 29 | . . . . 1 4 4 . . . . 6 . . . . 3 . . . . 3 . 1 2 1 2 2 Treads . | . . . . . . . . . . . . . . . . . . . . . . . . . . . . Leg . | . . . . . . . . . . . . . . . . . . . . . . . . . . . . Wheel . | . . . . . . . . . . . . . . . . . . . . . . . . . . . . Hover . | . . . . . . . . . . . . . . . . . . . . . . . . . . . . Flight 29 | . . . . 1 4 4 . . . . 6 . . . . 3 . . . . 3 . 1 2 1 2 2 Utility 49 | . . . . 1 1 7 . 1 1 3 3 . . . 1 2 . 1 1 . 5 1 3 10 . 4 4 Device 25 | . . . . 1 . 3 . . 1 3 1 . . . . 1 . 1 . . 4 . 1 5 . 3 1 Storage . | . . . . . . . . . . . . . . . . . . . . . . . . . . . . Processor 17 | . . . . . 1 3 . . . . 2 . . . 1 1 . . . . 1 1 1 2 . 1 3 Hackware 5 | . . . . . . 1 . 1 . . . . . . . . . . . . . . 1 2 . . . Protection 2 | . . . . . . . . . . . . . . . . . . . 1 . . . . 1 . . . Artifact . | . . . . . . . . . . . . . . . . . . . . . . . . . . . . Weapon 25 | . . 1 . 1 2 3 . 1 1 . . 2 . . . 6 1 . . . 2 . . 1 . 2 2 Energy Gun 2 | . . . . 1 1 . . . . . . . . . . . . . . . . . . . . . . Energy Cannon . | . . . . . . . . . . . . . . . . . . . . . . . . . . . . Ballistic Gun . | . . . . . . . . . . . . . . . . . . . . . . . . . . . . Ballistic Cannon . | . . . . . . . . . . . . . . . . . . . . . . . . . . . . Launcher 1 | . . 1 . . . . . . . . . . . . . . . . . . . . . . . . . Special Weapon . | . . . . . . . . . . . . . . . . . . . . . . . . . . . . Impact Weapon 2 | . . . . . 1 . . . . . . . . . . . . . . . 1 . . . . . . Slashing Weapon 9 | . . . . . . 3 . . . . . 2 . . . 2 . . . . . . . 1 . . 1 Piercing Weapon 11 | . . . . . . . . 1 1 . . . . . . 4 1 . . . 1 . . . . 2 1 Special Melee Weapon . | . . . . . . . . . . . . . . . . . . . . . . . . . . . . Unidentified Prototypes 33 | . . . . 1 . 3 . . . 1 1 . . . . 2 . . 2 . 2 . 2 13 1 3 2 Parts Lost 3 | . . . . . . . . . . . . . . . . . . . . . . . 1 . . 1 1 Power . | . . . . . . . . . . . . . . . . . . . . . . . . . . . . Propulsion 1 | . . . . . . . . . . . . . . . . . . . . . . . 1 . . . . Utility 1 | . . . . . . . . . . . . . . . . . . . . . . . . . . 1 . Weapon 1 | . . . . . . . . . . . . . . . . . . . . . . . . . . . 1 Highest Loss Streak 1 | . . . . . . . . . . . . . . . . . . . . . . . 1 . . 1 1 To Critical Strikes . | . . . . . . . . . . . . . . . . . . . . . . . . . . . . Average Backups 1 | . . . . . . . 1 1 1 1 . 1 1 1 1 1 . . . 1 1 1 1 2 2 2 2 Power . | . . . . . . . . . . . . . . . . . . . . . . . . . . . . Propulsion . | . . . . . . . . . . . . . . . . . . . . . . . . . . . . Utility . | . . . . . . . 1 1 1 1 . 1 1 1 1 . . . . . . . . 1 1 1 1 Weapon . | . . . . . . . . . . . . . . . . . . . . . . . . . . . . Tool/Special . | . . . . . . . . . . . . . . . . . . . . . . . . . . . . Unused Backups 7 | . . . . . . . . . . . 1 . . . . 1 . . . . . . . 1 . 1 3 Power . | . . . . . . . . . . . . . . . . . . . . . . . . . . . . Propulsion 1 | . . . . . . . . . . . . . . . . 1 . . . . . . . . . . . Utility 5 | . . . . . . . . . . . 1 . . . . . . . . . . . . 1 . 1 2 Weapon . | . . . . . . . . . . . . . . . . . . . . . . . . . . . . Tool/Special 1 | . . . . . . . . . . . . . . . . . . . . . . . . . . . 1 Average Slot Usage (%) 95 | . . 6 25 30 92 97 91 95 99 100 100 100 100 100 100 98 100 100 100 100 99 100 99 99 100 99 99 Engine 2 | . . . . . 8 9 8 8 8 8 7 6 6 6 5 2 . . . . . . . . . . . Core 1 | . . . . . . . . . . . . . . . . . 5 4 4 4 4 4 4 3 . . . Reactor 1 | . . . . . . . . . . . . . . . . 1 . . . . . . . . 4 4 3 Flight 24 | . . . . 3 44 37 33 33 33 33 30 25 25 25 24 22 25 23 23 23 23 23 21 22 22 23 24 Device 22 | . . . . 2 15 7 8 8 12 16 18 18 18 18 17 21 25 26 28 28 28 28 27 26 27 28 28 Processor 21 | . . . . . 7 26 25 25 19 16 20 25 25 25 26 26 25 23 23 23 22 23 23 22 22 20 21 Hackware 2 | . . . . . . 1 . 5 8 8 5 . . . . . . . . . . . 2 4 4 4 2 Slashing Weapon 3 | . . . . . . 13 16 15 6 . . 9 12 12 11 2 . . . . . . . 2 4 4 2 Piercing Weapon 13 | . . . . . . . . . 9 16 14 12 12 12 11 19 20 19 19 19 19 19 17 14 13 12 13 Peak Build Rating 197 | . . 1 1 10 21 45 44 47 47 51 67 74 74 74 79 115 113 117 120 118 127 129 144 164 167 187 197 Average Rating 116 | . . . 1 2 16 34 44 45 46 47 56 72 74 74 75 100 112 115 117 117 122 127 139 150 165 180 194 On Entrance 75 | . . . 1 1 10 20 44 44 47 47 48 67 74 74 74 79 113 112 117 118 118 127 129 142 164 166 187 Avg Prop Armor Cover (%) . | . . . . . . . . . . . . . . . . . . . . . . . . . . . . Naked Turns 123 | . 37 86 . . . . . . . . . . . . . . . . . . . . . . . . . Heaviest Build 65 | . . 3 3 7 16 23 23 23 23 24 29 32 32 32 32 39 40 42 42 42 44 43 52 52 52 63 65 Greatest Support 72 | 3 3 3 3 9 26 27 23 23 23 30 34 34 34 34 34 40 40 43 43 45 49 51 59 66 60 70 72 Greatest Overweight (x) 1 | . . . . . . . . . . . . . . . . . . . 1 . . . . . . 1 1 Average Overweight (x) . | . . . . . . . . . . . . . . . . . . . . . . . . . . . . Largest Inventory Capacity 3 | . . . . . 1 1 1 1 1 1 1 1 1 1 1 2 2 2 2 2 2 2 2 2 2 3 3 Average Capacity 1 | . . . . . . 1 1 1 1 1 1 1 1 1 1 1 2 2 2 2 2 2 2 2 2 2 3 Most Carried 3 | . . . . . 1 1 1 1 1 1 1 1 1 1 1 2 2 2 2 2 2 2 2 2 2 3 3 Average Carried 1 | . . . . . . . 1 1 . 1 . 1 1 1 1 1 . 1 1 2 1 2 1 1 2 2 2 Final Capacity 3 | . . . . . 1 1 1 1 1 1 1 1 1 1 1 2 2 2 2 2 2 2 2 2 2 3 3 Final Carried 3 | . . . . . 1 1 1 1 1 1 1 1 1 1 1 . 2 2 2 2 2 2 2 2 2 3 3 Class Distribution -------------------- 68% | Hacker-Sprinter 24% | Wizard-Sprinter 4% | Hacker-Mutant Dominant Class ---------------- Hacker-Mutant | -10/Materials Hacker-Mutant | -10/Mines Hacker-Mutant | -10/Exiles Hacker-Mutant | -9/Mines Hacker-Sprinter | -8/Materials Hacker-Sprinter | -7/Factory Hacker-Sprinter | -7/Lower Caves Hacker-Sprinter | -7/Lower Caves Hacker-Sprinter | -7/Zion Hacker-Sprinter | -6/Proximity Caves Hacker-Sprinter | -6/Factory Hacker-Sprinter | -6/Lower Caves Hacker-Sprinter | -6/Lower Caves Hacker-Sprinter | -6/Data Miner Hacker-Sprinter | -5/Proximity Caves Hacker-Sprinter | -5/Factory Hacker-Sprinter | -5/Upper Caves Hacker-Sprinter | -5/Upper Caves Hacker-Gladiator | -5/Zhirov Hacker-Sprinter | -4/Proximity Caves Hacker-Sprinter | -4/Factory Hacker-Sprinter | -4/DSF Hacker-Sprinter | -3/Research Hacker-Sprinter | -3/Testing Wizard-Sprinter | -2/Research Wizard-Sprinter | -1/Access Wizard-Sprinter | -1/Command Resources | -11 -10 -10 -10 -9 -8 -7 -7 -7 -7 -6 -6 -6 -6 -6 -5 -5 -5 -5 -5 -4 -4 -4 -3 -3 -2 -1 -1 ----------- Run | Yrd Mat Min Exi Min Mat Fac Low Low Zio Pro Fac Low Low Dat Pro Fac Upp Upp Zhi Pro Fac DSF Res Tes Res Acc Com Matter Collected 1918 | 200 . 10 . 20 70 220 . 30 10 90 110 20 . . 10 265 42 16 20 30 110 . 58 277 30 150 130 Remotely . | . . . . . . . . . . . . . . . . . . . . . . . . . . . . Salvage Created 17395 | . . . . 56 51 397 65 . . 634 747 383 40 . 1488 2373 416 1174 208 758 1147 . 770 1166 350 2147 3025 Parts 880 | . . . . 4 1 27 4 3 1 41 34 19 3 . 49 126 33 16 1 28 54 . 34 82 11 122 187 Haulers Intercepted 9 | . . . . . . . . . . 1 1 . . . . 3 . . . . . . 1 1 . 2 . Recyclers Shooed . | . . . . . . . . . . . . . . . . . . . . . . . . . . . . Parts Field Recycled . | . . . . . . . . . . . . . . . . . . . . . . . . . . . . Retrieved Matter . | . . . . . . . . . . . . . . . . . . . . . . . . . . . . Parts Self-Destructed 197 | . . . . . . . 4 6 1 37 . 14 . . 49 . 33 24 1 28 . . . . . . . Prevented . | . . . . . . . . . . . . . . . . . . . . . . . . . . . . Parts Restored . | . . . . . . . . . . . . . . . . . . . . . . . . . . . . Kills | -11 -10 -10 -10 -9 -8 -7 -7 -7 -7 -6 -6 -6 -6 -6 -5 -5 -5 -5 -5 -4 -4 -4 -3 -3 -2 -1 -1 ------- Run | Yrd Mat Min Exi Min Mat Fac Low Low Zio Pro Fac Low Low Dat Pro Fac Upp Upp Zhi Pro Fac DSF Res Tes Res Acc Com Combat Hostiles Destroyed 261 | . . . . 3 3 9 1 1 . 15 10 7 . . 21 42 13 5 . 10 16 . 6 18 3 27 51 Melee 255 | . . . . . . 9 1 1 . 15 10 7 . . 21 42 13 5 . 10 16 . 6 18 3 27 51 Guns 3 | . . . . 1 2 . . . . . . . . . . . . . . . . . . . . . . AOE 3 | . . . . 2 1 . . . . . . . . . . . . . . . . . . . . . . Classes Destroyed 24 | . . . . 2 2 2 1 . . 2 1 2 . . . 1 . . . . 1 . 1 3 . 1 5 Worker 1 | . . . . . . . . . . . . . . . . 1 . . . . . . . . . . . Builder 1 | . . . . . . . . . . . 1 . . . . . . . . . . . . . . . . Hauler 9 | . . . . . . . . . . 1 1 . . . . 3 . . . . . . 1 1 . 2 . Operator 3 | . . . . . . . . . . . . . . . . . . . . . 1 . . 2 . . . Drone 1 | . . . . . . . . . . . . . . . . . . . . . . . . 1 . . . Watcher 34 | . . . . . . 2 . . . . 3 . . . . 6 . . . . 3 . 4 3 . 7 6 Swarmer 49 | . . . . . 2 . . . . 5 4 . . . 3 10 9 . . 2 . . . . . 6 8 Cutter 5 | . . . . . . . . . . . . . . . . . . . . . . . . . . 2 3 Grunt 71 | . . . . 2 . 3 . . . 6 . 3 . . 8 18 4 . . 6 4 . 1 9 1 1 5 Brawler 9 | . . . . . . . . . . . . 1 . . 2 1 . 1 . . 3 . . . . . 1 Duelist 6 | . . . . 1 . . . . . . . . . . 2 1 . 1 . . . . . . . . 1 Protector 1 | . . . . . . . . . . . . . . . . . . . . . . . . . . . 1 Researcher 1 | . . . . . . . . . . . . . . . . . . . . . . . . 1 . . . Sentry 39 | . . . . . 1 5 . 1 . 2 4 1 . . 2 6 . 1 . 2 4 . 3 . 1 6 . Demolisher 1 | . . . . . . . . . . 1 . . . . . . . . . . . . . . . . . Specialist 2 | . . . . . . . . . . . . . . . . 2 . . . . . . . . . . . Hunter 17 | . . . . . . 1 . . . . 2 2 . . . . . 1 . . 3 . . . . 6 2 Programmer 40 | . . . . . . . 1 . . 1 . . . . 4 4 . 1 . . 2 . 1 5 1 6 14 Behemoth 1 | . . . . . . . . . . . . . . . . . . . . . . . 1 . . . . Striker 2 | . . . . . . . . . . . . . . . . . . . . . . . . . . . 2 Executioner 4 | . . . . . . . . . . . . . . . . . . . . . . . . . . . 4 Alpha 7 3 | . . . . . . . . . . . . . . . . . . . . . . . . 1 . . 2 Protovariant G 1 | . . . . . . . . . . . . . . . . . . . . . . . . 1 . . . Decomposer 3 | . . . . . . . . . . . . 1 2 . . . . . . . . . . . . . . Thug 1 | . . . . . . . . . . . . . . . . . . . . . . . . . . . 1 Butcher 1 | . . . . . . . . . . . . . . . . . . . . . . . . . . . 1 Guerrilla 3 | . . . . . . . . . . . . . . . . . . . . . . . . . . . 3 Fireman 1 | . . . . . . . . . . . . . . . . . . . . . . . . . . . 1 Mutant 2 | . . . . . . . . . . . . . . . . . . . . . . . . . . . 2 Best Kill Streak 11 | . . . . 3 2 3 1 1 . 6 4 4 . . 6 11 9 4 . 7 4 . 3 5 1 7 7 Combat Bots Only 9 | . . . . 3 2 3 1 1 . 5 4 4 . . 6 8 9 4 . 7 4 . 2 4 1 6 7 Max Kills in Single Turn 3 | . . . . 2 1 1 1 1 . 1 1 1 1 . 1 2 3 1 . 1 1 . 1 1 1 1 1 Gunslinging . | . . . . . . . . . . . . . . . . . . . . . . . . . . . . Exploded 2 | . . . . 2 1 . . . . . . . . . . . . . . . . . . . . . . Melee 3 | . . . . . . 1 1 1 . 1 1 1 . . 1 2 3 1 . 1 1 . 1 1 1 1 1 Uniques/NPCs Destroyed 1 | . . . . . . . . . . . . . . . . . . . . . . . . 1 . . . CY-PHR (-3/Testing) Combat | -11 -10 -10 -10 -9 -8 -7 -7 -7 -7 -6 -6 -6 -6 -6 -5 -5 -5 -5 -5 -4 -4 -4 -3 -3 -2 -1 -1 -------- Run | Yrd Mat Min Exi Min Mat Fac Low Low Zio Pro Fac Low Low Dat Pro Fac Upp Upp Zhi Pro Fac DSF Res Tes Res Acc Com Hostile Shots Fired 1579 | . . 3 . 6 7 139 4 21 . 86 114 36 . 7 56 109 26 19 . 36 94 1 71 130 29 106 479 Missed 844 | . . 2 . 3 5 68 2 10 . 34 56 19 . 7 31 57 15 9 . 15 42 1 37 61 15 59 296 Hits 735 | . . 1 . 3 2 71 2 11 . 52 58 17 . . 25 52 11 10 . 21 52 . 34 69 14 47 183 Melee 23 | . . . . . 1 . . 4 . . . 2 . . 3 5 . 1 . . 3 . . . . . 4 Projectile 712 | . . 1 . 3 1 71 2 7 . 52 58 15 . . 22 47 11 9 . 21 49 . 34 69 14 47 179 AOE 9 | . . . . . . . . . . 3 . . . . . . . . . . . . . 1 . 2 3 Critical Strikes 39 | . . . . . 1 . . 2 . . . 1 . . 2 . 1 . . 3 6 . 3 10 . 1 9 Part Disruptions 1 | . . . . . . . . . . . . . . . . . . . . . . . . . . . 1 Damage Taken 9944 | . . 23 . 34 87 498 30 232 . 681 265 133 . . 272 637 87 131 . 233 717 . 757 1403 206 1087 2431 Core 8208 | . . 23 . 29 73 418 27 204 . 547 205 114 . . 227 526 69 108 . 196 584 . 640 1142 162 910 2004 Absorbed by Shields 5347 | . . . . . . 158 . . . 234 201 122 . . 263 464 92 65 . 183 390 . 277 604 100 560 1634 Redirected to Core 5791 | . . . . 17 50 236 11 102 . 451 150 65 . . 165 386 51 74 . 120 443 . 404 905 152 621 1388 Core Remaining (%) 71 | 100 . . . 100 89 . . . . 42 . . . . 96 . . . . 76 . 100 . 35 8 . . Volleys Fired 18 | . . . . 8 10 . . . . . . . . . . . . . . . . . . . . . . Largest 1 | . . . . 1 1 . . . . . . . . . . . . . . . . . . . . . . Hottest 45 | . . . . 45 45 . . . . . . . . . . . . . . . . . . . . . . Shots Fired 18 | . . . . 8 10 . . . . . . . . . . . . . . . . . . . . . . Gun 18 | . . . . 8 10 . . . . . . . . . . . . . . . . . . . . . . Cannon . | . . . . . . . . . . . . . . . . . . . . . . . . . . . . Launcher . | . . . . . . . . . . . . . . . . . . . . . . . . . . . . Special . | . . . . . . . . . . . . . . . . . . . . . . . . . . . . Kinetic . | . . . . . . . . . . . . . . . . . . . . . . . . . . . . Thermal . | . . . . . . . . . . . . . . . . . . . . . . . . . . . . Explosive . | . . . . . . . . . . . . . . . . . . . . . . . . . . . . Electromagnetic 18 | . . . . 8 10 . . . . . . . . . . . . . . . . . . . . . . Robot Hit Streak 8 | . . . . 6 8 . . . . . . . . . . . . . . . . . . . . . . Robot Miss Streak 3 | . . . . 3 3 . . . . . . . . . . . . . . . . . . . . . . Penetration Max . | . . . . . . . . . . . . . . . . . . . . . . . . . . . . Secondary Targets . | . . . . . . . . . . . . . . . . . . . . . . . . . . . . Shots Hit Robots 790 | . . . . 6 8 28 1 1 3 48 45 24 2 2 63 98 20 24 5 20 56 . 43 68 13 75 137 Core Hits 373 | . . . . 4 6 13 1 1 . 22 18 13 1 . 28 56 11 11 2 11 25 . 16 29 6 34 65 Critical Kills . | . . . . . . . . . . . . . . . . . . . . . . . . . . . . Critical Parts Destroyed . | . . . . . . . . . . . . . . . . . . . . . . . . . . . . Critical Strikes 124 | . . . . . . 4 . . . 7 1 3 . . 7 11 4 5 . 1 5 . 7 9 2 17 41 Sever 23 | . . . . . . 4 . . . . . 2 . . 4 2 . . . . . . . 3 2 5 1 Impale 101 | . . . . . . . . . . 7 1 1 . . 3 9 4 5 . 1 5 . 7 6 . 12 40 Melee Attacks 1070 | . . . . . 2 31 2 2 4 54 55 29 2 2 73 146 26 31 7 23 77 . 55 105 14 122 208 Impact 2 | . . . . . 2 . . . . . . . . . . . . . . . . . . . . . . Slashing 233 | . . . . . . 31 2 2 1 . . 19 2 1 49 18 . . . . . . . 28 10 51 19 Piercing 835 | . . . . . . . . . 3 54 55 10 . 1 24 128 26 31 7 23 77 . 55 77 4 71 189 Sneak Attacks 54 | . . . . . . . . . . 2 4 2 2 2 3 7 . . . 2 1 . 3 4 . 11 11 Combat Hostiles 25 | . . . . . . . . . . . 2 1 . . 1 1 . . . 2 1 . . 1 . 6 10 Follow-up Attacks 179 | . . . . . . 2 . . 1 8 7 5 . 1 18 24 9 2 1 5 14 . 11 15 3 20 33 Damage Inflicted 49098 | . . 24 . 174 118 1220 54 48 234 1633 1849 1098 189 162 2619 5482 1270 1996 528 1474 3687 . 2999 5470 895 5834 10041 Guns 166 | . . . . 78 88 . . . . . . . . . . . . . . . . . . . . . . Cannons . | . . . . . . . . . . . . . . . . . . . . . . . . . . . . Explosions 126 | . . . . 96 30 . . . . . . . . . . . . . . . . . . . . . . Melee 48782 | . . . . . . 1220 54 48 234 1633 1849 1098 189 162 2619 5482 1270 1996 528 1474 3687 . 2999 5470 895 5834 10041 Ramming 24 | . . 24 . . . . . . . . . . . . . . . . . . . . . . . . . Kinetic . | . . . . . . . . . . . . . . . . . . . . . . . . . . . . Thermal 126 | . . . . 96 30 . . . . . . . . . . . . . . . . . . . . . . Explosive . | . . . . . . . . . . . . . . . . . . . . . . . . . . . . Electromagnetic 166 | . . . . 78 88 . . . . . . . . . . . . . . . . . . . . . . Impact . | . . . . . . . . . . . . . . . . . . . . . . . . . . . . Slashing 11256 | . . . . . . 1220 54 48 100 . . 704 189 91 2088 760 . . . . . . . 1948 756 2900 398 Piercing 37526 | . . . . . . . . . 134 1633 1849 394 . 71 531 4722 1270 1996 528 1474 3687 . 2999 3522 139 2934 9643 Highest Corruption 2 | . . . . . . . . . . 1 . . . . . 2 2 2 . . . . . . . . . Average Corruption 1 | . . . . . . . . . . 1 . . . . . 1 2 1 . . . . . . . . . Corruption Purged 3 | . . . . . . . . . . 1 . . . . . . . 2 . . . . . . . . . Corruption Blocked 14 | . . . . . . . . . . . . . . . . . . . . . 2 . 1 2 1 2 6 Effects 20 | . . . . . . . . . . 1 . . . . . 11 5 3 . . . . . . . . . Message Errors 7 | . . . . . . . . . . . . . . . . 5 2 . . . . . . . . . . Matter Fused 7 | . . . . . . . . . . 1 . . . . . 2 3 1 . . . . . . . . . Heat Flow Errors 3 | . . . . . . . . . . . . . . . . 1 . 2 . . . . . . . . . Data Loss (minor) 2 | . . . . . . . . . . . . . . . . 2 . . . . . . . . . . . Data Loss (major) 1 | . . . . . . . . . . . . . . . . 1 . . . . . . . . . . . Overload Shots . | . . . . . . . . . . . . . . . . . . . . . . . . . . . . Overflow Damage 5881 | . . . . 19 . 51 . . 118 94 97 72 86 . 251 376 123 923 302 86 231 . 276 524 30 602 1620 Projectiles . | . . . . . . . . . . . . . . . . . . . . . . . . . . . . Explosions 19 | . . . . 19 . . . . . . . . . . . . . . . . . . . . . . . Melee 5862 | . . . . . . 51 . . 118 94 97 72 86 . 251 376 123 923 302 86 231 . 276 524 30 602 1620 Knockbacks 1 | . . 1 . . . . . . . . . . . . . . . . . . . . . . . . . Impact 1 | . . 1 . . . . . . . . . . . . . . . . . . . . . . . . . Kinetic . | . . . . . . . . . . . . . . . . . . . . . . . . . . . . Secondary . | . . . . . . . . . . . . . . . . . . . . . . . . . . . . Self-Inflicted Damage 28 | . . 11 . . 17 . . . . . . . . . . . . . . . . . . . . . . Shots 1 | . . . . . 1 . . . . . . . . . . . . . . . . . . . . . . Rammed 3 | . . 3 . . . . . . . . . . . . . . . . . . . . . . . . . Targets Rammed 3 | . . 3 . . . . . . . . . . . . . . . . . . . . . . . . . Kicked . | . . . . . . . . . . . . . . . . . . . . . . . . . . . . Crushed . | . . . . . . . . . . . . . . . . . . . . . . . . . . . . Highest Temperature 292 | . . . . 3 64 80 181 196 292 124 5 . . . . 207 . 154 6 9 29 . 39 33 74 179 179 Average Temperature 39 | . . . . 3 18 15 88 72 122 36 3 . . . . 108 . 47 4 5 5 . 4 7 21 20 23 Received Heat Transfer 1365 | . . 6 . 18 . 147 . 6 . 198 66 41 . . 73 113 25 8 . 35 215 . 75 245 34 16 44 Siege Activations . | . . . . . . . . . . . . . . . . . . . . . . . . . . . . Martial Activations . | . . . . . . . . . . . . . . . . . . . . . . . . . . . . Shielding Activations . | . . . . . . . . . . . . . . . . . . . . . . . . . . . . Robots Disrupted . | . . . . . . . . . . . . . . . . . . . . . . . . . . . . Combat Hostiles . | . . . . . . . . . . . . . . . . . . . . . . . . . . . . Robots Corrupted . | . . . . . . . . . . . . . . . . . . . . . . . . . . . . Combat Hostiles . | . . . . . . . . . . . . . . . . . . . . . . . . . . . . Parts Fried 1 | . . . . . 1 . . . . . . . . . . . . . . . . . . . . . . Impact Corruptions . | . . . . . . . . . . . . . . . . . . . . . . . . . . . . Robots Melted . | . . . . . . . . . . . . . . . . . . . . . . . . . . . . Combat Hostiles . | . . . . . . . . . . . . . . . . . . . . . . . . . . . . Parts Melted 6 | . . . . . . . . . . . . . . . . . . . . 2 1 . . 1 . . 2 Heat Transferred 150 | . . . . 100 50 . . . . . . . . . . . . . . . . . . . . . . Parts Sabotaged . | . . . . . . . . . . . . . . . . . . . . . . . . . . . . Parts Stolen . | . . . . . . . . . . . . . . . . . . . . . . . . . . . . Parts Stripped . | . . . . . . . . . . . . . . . . . . . . . . . . . . . . Power Chain Reactions 2 | . . . . 1 1 . . . . . . . . . . . . . . . . . . . . . . Alert | -11 -10 -10 -10 -9 -8 -7 -7 -7 -7 -6 -6 -6 -6 -6 -5 -5 -5 -5 -5 -4 -4 -4 -3 -3 -2 -1 -1 ------- Run | Yrd Mat Min Exi Min Mat Fac Low Low Zio Pro Fac Low Low Dat Pro Fac Upp Upp Zhi Pro Fac DSF Res Tes Res Acc Com Maximum Alert Level 5 | . . . . . 1 1 . . . . 1 . . . . 2 . . . . 1 1 1 2 1 2 5 Low Security (%) 27 | 100 100 100 . 100 48 60 . . . . 85 . . . . 12 . . . . 58 . 56 6 . 20 . Level 1 31 | . . . . . 51 39 . . . . 14 . . . . 34 . . . . 41 100 43 55 100 55 2 Level 2 18 | . . . . . . . . . . . . . . . . 52 . . . . . . . 37 . 23 10 Level 3 5 | . . . . . . . . . . . . . . . . . . . . . . . . . . . 20 Level 4 11 | . . . . . . . . . . . . . . . . . . . . . . . . . . . 42 Level 5 4 | . . . . . . . . . . . . . . . . . . . . . . . . . . . 16 High Security 2 | . . . . . . . . . . . . . . . . . . . . . . . . . . . 7 Max Security . | . . . . . . . . . . . . . . . . . . . . . . . . . . . . Peak Influence 1786 | . 12 20 . 100 238 247 . . . . 227 . . . . 610 . . . . 306 208 341 517 340 573 1786 Initial 366 | . . . . . 23 93 . . . . 74 . . . . 150 . . . . 75 208 117 191 265 197 366 Average 519 | . 5 5 . 44 170 170 . . . . 135 . . . . 394 . . . . 168 208 174 356 261 301 1242 Influence Increases 9333 | . 12 30 . 120 282 334 30 65 10 325 316 210 . . 480 1575 320 120 10 230 477 . 484 591 125 1168 2019 Destroy 0b10 Robot/C 5240 | . . . . 60 160 180 20 20 . 300 200 140 . . 420 900 260 100 . 200 320 . 180 340 60 540 840 Destroy 0b10 Robot/NC 300 | . . . . . . 10 . . 10 5 25 5 . . 5 65 . . 10 . 20 . 25 30 . 55 35 Destroy Leader 998 | . . . . 10 30 74 10 . . 20 68 20 . . 40 188 30 20 . . 76 . 60 48 20 146 138 Allied During Kill 62 | . . . . . 21 . . . . . . . . . . 41 . . . . . . . . . . . Successful Hack 626 | . 12 . . . 6 55 . . . . 20 . . . . 116 . . . . 34 . 31 89 . 103 160 Disable Machine 45 | . . . . . . . . . . . . . . . . . . . . . . . . 15 . 15 15 Destroy Structure 247 | . . . . 5 5 . . . . . 3 . . . . 40 . . . . 12 . 8 24 . 84 66 Partial Spotted 525 | . . . . . 60 15 . . . . . . . . . 45 . . . . . . 45 45 . 105 210 Lose Combat Pursuer 1290 | . . 30 . 45 . . . 45 . . . 45 . . 15 180 30 . . 30 15 . 135 . 45 120 555 Influence Decreases 7547 | . 10 32 . 60 137 326 129 103 86 206 225 248 104 68 241 1399 284 257 324 110 299 90 351 460 267 925 806 Entered New Map 2121 | . . 2 . . 37 112 79 23 76 . 45 78 34 68 . 89 154 87 314 . 45 90 91 150 207 133 207 Time Decay 4186 | . 10 30 . 60 100 214 50 70 10 206 180 170 70 . 241 490 130 170 10 110 254 . 230 310 60 422 589 Lost Part 30 | . . . . . . . . . . . . . . . . . . . . . . . 10 . . 10 10 Lost Ally 160 | . . . . . . . . 10 . . . . . . . 70 . . . . . . 20 . . 60 . Purge Threat 1050 | . . . . . . . . . . . . . . . . 750 . . . . . . . . . 300 . Squads Dispatched 62 | . . . . . 1 2 . . . . 1 . . . . 10 . . . . 6 . 4 4 2 13 19 Investigation 13 | . . . . . . 1 . . . . . . . . . 5 . . . . 2 . 2 1 . 2 . Extermination 27 | . . . . . . 1 . . . . . . . . . 3 . . . . 2 . 2 3 1 6 9 Reinforcement 16 | . . . . . 1 . . . . . 1 . . . . 2 . . . . 2 . . . 1 5 4 Assault 6 | . . . . . . . . . . . . . . . . . . . . . . . . . . . 6 Garrison . | . . . . . . . . . . . . . . . . . . . . . . . . . . . . Intercept . | . . . . . . . . . . . . . . . . . . . . . . . . . . . . Searches Triggered . | . . . . . . . . . . . . . . . . . . . . . . . . . . . . Construction Impeded . | . . . . . . . . . . . . . . . . . . . . . . . . . . . . Haulers Reinforced 2 | . . . . . . . . . . . 1 . . . . 1 . . . . . . . . . . . Active Scanning Responses . | . . . . . . . . . . . . . . . . . . . . . . . . . . . . Cargo Convoy Interrupts . | . . . . . . . . . . . . . . . . . . . . . . . . . . . . Stealth | -11 -10 -10 -10 -9 -8 -7 -7 -7 -7 -6 -6 -6 -6 -6 -5 -5 -5 -5 -5 -4 -4 -4 -3 -3 -2 -1 -1 --------- Run | Yrd Mat Min Exi Min Mat Fac Low Low Zio Pro Fac Low Low Dat Pro Fac Upp Upp Zhi Pro Fac DSF Res Tes Res Acc Com Distress Signals 25 | . . . . . . 1 . . . 18 . . . . . 3 . . . . . . . . . . 3 Communications Jammed 74 | . . . . . . . . . . . . . . . . 39 . . . . 3 . 4 4 . 8 16 Distress Signals 70 | . . . . . . . . . . . . . . . . 38 . . . . 3 . 1 4 . 8 16 Times Spotted 425 | . 1 2 . 5 14 14 1 11 . 17 13 10 . 4 19 65 14 5 . 10 21 1 21 31 8 36 102 Peak Tracking Total 10 | . 1 2 . 3 4 4 1 8 . 5 5 4 . 4 4 7 5 3 . 4 4 2 7 7 6 4 10 Tactical Retreats 52 | . . 1 . 2 . . . 2 . . . 2 . . 1 7 1 . . 2 1 . 6 . 1 7 19 Traps | -11 -10 -10 -10 -9 -8 -7 -7 -7 -7 -6 -6 -6 -6 -6 -5 -5 -5 -5 -5 -4 -4 -4 -3 -3 -2 -1 -1 ------- Run | Yrd Mat Min Exi Min Mat Fac Low Low Zio Pro Fac Low Low Dat Pro Fac Upp Upp Zhi Pro Fac DSF Res Tes Res Acc Com Traps Triggered 18 | . . . . . . . . . . . . . . . . 2 . . . . . 1 1 1 . 1 12 Indirectly . | . . . . . . . . . . . . . . . . . . . . . . . . . . . . Trap Hack Attempts . | . . . . . . . . . . . . . . . . . . . . . . . . . . . . Triggered . | . . . . . . . . . . . . . . . . . . . . . . . . . . . . Disarmed . | . . . . . . . . . . . . . . . . . . . . . . . . . . . . Reprogrammed . | . . . . . . . . . . . . . . . . . . . . . . . . . . . . Reused . | . . . . . . . . . . . . . . . . . . . . . . . . . . . . Traps Extracted . | . . . . . . . . . . . . . . . . . . . . . . . . . . . . Installed . | . . . . . . . . . . . . . . . . . . . . . . . . . . . . Triggered . | . . . . . . . . . . . . . . . . . . . . . . . . . . . . Machines | -11 -10 -10 -10 -9 -8 -7 -7 -7 -7 -6 -6 -6 -6 -6 -5 -5 -5 -5 -5 -4 -4 -4 -3 -3 -2 -1 -1 ---------- Run | Yrd Mat Min Exi Min Mat Fac Low Low Zio Pro Fac Low Low Dat Pro Fac Upp Upp Zhi Pro Fac DSF Res Tes Res Acc Com Machines Disabled 3 | . . . . . . . . . . . . . . . . . . . . . . . . 1 . 1 1 Max in Single Turn 1 | . . . . . . . . . . . . . . . . . . . . . . . . 1 . 1 1 Garrison Access 6 | . . . . . 1 2 . . . . 1 . . . . 1 . . . . . . . . . 1 . Phase Generator 1 | . . . . . . . . . . . . . . . . . . . . . . . . . . . 1 Machines Repaired . | . . . . . . . . . . . . . . . . . . . . . . . . . . . . Machines Dismantled . | . . . . . . . . . . . . . . . . . . . . . . . . . . . . Machines Sabotaged . | . . . . . . . . . . . . . . . . . . . . . . . . . . . . Overloaded Fab Kills . | . . . . . . . . . . . . . . . . . . . . . . . . . . . . Hacking | -11 -10 -10 -10 -9 -8 -7 -7 -7 -7 -6 -6 -6 -6 -6 -5 -5 -5 -5 -5 -4 -4 -4 -3 -3 -2 -1 -1 --------- Run | Yrd Mat Min Exi Min Mat Fac Low Low Zio Pro Fac Low Low Dat Pro Fac Upp Upp Zhi Pro Fac DSF Res Tes Res Acc Com Machines Accessed 133 | . 4 . 1 1 6 14 . . . . 8 . . 3 . 24 1 . 9 . 11 . 9 13 1 17 11 Terminals 85 | . 4 . . . 4 9 . . . . 5 . . . . 13 1 . . . 9 . 7 9 . 13 11 Fabricators 11 | . . . . . . 1 . . . . 1 . . . . 6 . . . . 2 . . 1 . . . Repair Stations 1 | . . . . . . . . . . . . . . . . 1 . . . . . . . . . . . Recycling Units . | . . . . . . . . . . . . . . . . . . . . . . . . . . . . Scanalyzers 9 | . . . . . 1 2 . . . . 1 . . . . 1 . . . . . . 1 2 . 1 . Garrison Access 13 | . . . . . 1 2 . . . . 1 . . . . 3 . . . . . . 1 1 1 3 . Total Hacks 503 | . 19 . 23 1 32 39 . . . . 23 . . 21 . 102 1 . 48 . 23 . 27 26 9 57 52 Successful 304 | . 13 . 23 1 22 23 . . . . 13 . . 21 . 54 1 . 48 . 9 . 12 12 3 26 23 Failed 197 | . 5 . . . 10 15 . . . . 10 . . . . 48 . . . . 14 . 15 14 6 31 29 Catastrophic 41 | . . . . . 2 2 . . . . 2 . . . . 10 . . . . 2 . 4 4 . 8 7 Database Lockouts 2 | . 1 . . . . 1 . . . . . . . . . . . . . . . . . . . . . Manual 216 | . 16 . . . 22 15 . . . . 11 . . . . 50 . . . . 17 . 17 8 6 24 30 Terminals 308 | . 19 . . . 27 26 . . . . 16 . . . . 69 1 . . . 19 . 20 17 . 42 52 Fabricators 32 | . . . . . . 3 . . . . 3 . . . . 18 . . . . 4 . . 4 . . . Repair Stations 1 | . . . . . . . . . . . . . . . . 1 . . . . . . . . . . . Recycling Units . | . . . . . . . . . . . . . . . . . . . . . . . . . . . . Scanalyzers 21 | . . . . . 4 5 . . . . 1 . . . . 1 . . . . . . 4 3 . 3 . Garrison Access 48 | . . . . . 1 5 . . . . 3 . . . . 13 . . . . . . 3 2 9 12 . Terminal Hacks 171 | . 7 . 23 1 8 7 . . . . 4 . . 21 . 25 1 . 48 . 2 . 2 2 . 11 9 Record 65 | . . . 23 . . . . . . . . . . 5 . . 1 . 36 . . . . . . . . Part Schematic 16 | . . . . . . 1 . . . . . . . 9 . 1 . . 4 . . . . . . . 1 Robot Schematic 4 | . . . . . . . . . . . . . . 4 . . . . . . . . . . . . . Robot Analysis 9 | . 1 . . . 1 . . . . . . . . . . 3 . . 4 . . . . . . . . Prototype ID Bank 9 | . 2 . . . . . . . . . . . . 3 . . . . 4 . . . . . . . . Open Door 4 | . . . . 1 . . . . . . . . . . . . . . . . . . . . . 3 . Open DSF 1 | . . . . . . . . . . . . . . . . . . . . . 1 . . . . . . Level Access Points 5 | . . . . . 1 1 . . . . . . . . . 1 . . . . 1 . . . . . 1 Branch Access Points 7 | . . . . . 2 1 . . . . . . . . . 1 . . . . . . 1 1 . 1 . Emergency Access Points 3 | . . . . . . . . . . . . . . . . . . . . . . . . . . . 3 Machine Index 1 | . . . . . . . . . . . . . . . . 1 . . . . . . . . . . . Terminal Index 6 | . 1 . . . 1 1 . . . . . . . . . 1 . . . . . . . 1 . . 1 Fabricator Index 1 | . . . . . . . . . . . 1 . . . . . . . . . . . . . . . . Scanalyzer Index 1 | . . . . . . . . . . . . . . . . . . . . . . . . . . . 1 Garrison Index 1 | . . . . . . . . . . . . . . . . 1 . . . . . . . . . . . Alert Level 12 | . . . . . . 1 . . . . 1 . . . . 7 . . . . . . 1 . . 2 . Unreport Threat 7 | . . . . . . . . . . . . . . . . 5 . . . . . . . . . 2 . Investigation Status 1 | . . . . . . . . . . . . . . . . 1 . . . . . . . . . . . Recall Extermination 1 | . . . . . . . . . . . . . . . . . . . . . . . . . . 1 . Hauler Manifests 4 | . 1 . . . . 1 . . . . . . . . . 1 . . . . . . . . . 1 . Registered Components 4 | . 1 . . . . 1 . . . . . . . . . 1 . . . . . . . . . 1 . Registered Prototypes 1 | . 1 . . . . . . . . . . . . . . . . . . . . . . . . . . Zone Layout 6 | . . . . . 3 . . . . . 2 . . . . 1 . . . . . . . . . . . Disengage Seal 2 | . . . . . . . . . . . . . . . . . . . . . . . . . . . 2 Fabricator Hacks 16 | . . . . . . 2 . . . . 1 . . . . 8 . . . . 4 . . 1 . . . Load Schematic 10 | . . . . . . 1 . . . . 1 . . . . 5 . . . . 2 . . 1 . . . Build 6 | . . . . . . 1 . . . . . . . . . 3 . . . . 2 . . . . . . Repair Station Hacks 1 | . . . . . . . . . . . . . . . . 1 . . . . . . . . . . . Scan Component 1 | . . . . . . . . . . . . . . . . 1 . . . . . . . . . . . Recycling Unit Hacks . | . . . . . . . . . . . . . . . . . . . . . . . . . . . . Scanalyzer 15 | . . . . . 4 4 . . . . 1 . . . . . . . . . . . 1 3 . 2 . Insert Component 5 | . . . . . . 1 . . . . 1 . . . . . . . . . . . . 2 . 1 . Analyze 2 | . . . . . . 1 . . . . . . . . . . . . . . . . . . . 1 . Retrieve Study 8 | . . . . . 4 2 . . . . . . . . . . . . . . . . 1 1 . . . Garrison Access Hacks 6 | . . . . . 1 2 . . . . 1 . . . . 1 . . . . . . . . . 1 . Seal Access 6 | . . . . . 1 2 . . . . 1 . . . . 1 . . . . . . . . . 1 . Unauthorized Hacks 95 | . 6 . . . 9 8 . . . . 6 . . . . 19 . . . . 3 . 9 6 3 12 14 Terminals 70 | . 6 . . . 9 7 . . . . 6 . . . . 9 . . . . 3 . 6 6 . 4 14 Track 14 | . 2 . . . 2 2 . . . . 1 . . . . . . . . . . . 1 . . 1 5 Assimilate 9 | . . . . . 1 1 . . . . 1 . . . . 5 . . . . . . . 1 . . . Botnet 34 | . 3 . . . 3 3 . . . . 3 . . . . 3 . . . . 3 . 5 5 . 3 3 Disrupt 6 | . . . . . 1 . . . . . . . . . . . . . . . . . . . . . 5 Operators 7 | . 1 . . . 2 1 . . . . 1 . . . . 1 . . . . . . . . . . 1 Fabricators 2 | . . . . . . 1 . . . . . . . . . 1 . . . . . . . . . . . Prioritize 2 | . . . . . . 1 . . . . . . . . . 1 . . . . . . . . . . . Repair Stations . | . . . . . . . . . . . . . . . . . . . . . . . . . . . . Recycling Units . | . . . . . . . . . . . . . . . . . . . . . . . . . . . . Scanalyzers 1 | . . . . . . . . . . . . . . . . 1 . . . . . . . . . . . Researchers 1 | . . . . . . . . . . . . . . . . 1 . . . . . . . . . . . Garrison Access 22 | . . . . . . . . . . . . . . . . 8 . . . . . . 3 . 3 8 . Broadcast 5 | . . . . . . . . . . . . . . . . 1 . . . . . . 1 . 1 2 . Decoy 5 | . . . . . . . . . . . . . . . . 2 . . . . . . . . 1 2 . Redirect 2 | . . . . . . . . . . . . . . . . 1 . . . . . . . . . 1 . Reprogram 4 | . . . . . . . . . . . . . . . . 1 . . . . . . 1 . . 2 . Intercept 2 | . . . . . . . . . . . . . . . . 2 . . . . . . . . . . . Watchers 4 | . . . . . . . . . . . . . . . . 1 . . . . . . 1 . 1 1 . Data Cores Recovered 4 | . . . . . . . . . . . . . . . . . . . . . 1 . . 2 . . 1 Used 1 | . . . . . . . . . . . . . . . . . . . . . . . . 1 . . . Hacking Detections 99 | . 4 . . . 4 11 . . . . 7 . . . . 19 . . . . 10 . 8 11 1 14 10 Full Trace Events 9 | . . . . . . 1 . . . . . . . . . 4 . . . . 2 . . 1 . 1 . Feedback Events . | . . . . . . . . . . . . . . . . . . . . . . . . . . . . Feedback Blocked . | . . . . . . . . . . . . . . . . . . . . . . . . . . . . Robot Schematics Acquired 7 | . . . . . . . . . 3 . . . . 4 . . . . . . . . . . . . . Robots Built . | . . . . . . . . . . . . . . . . . . . . . . . . . . . . Authchips . | . . . . . . . . . . . . . . . . . . . . . . . . . . . . Time . | . . . . . . . . . . . . . . . . . . . . . . . . . . . . Total Robot Build Rating . | . . . . . . . . . . . . . . . . . . . . . . . . . . . . Part Schematics Acquired 37 | . . . . . . 2 . . 16 . . . . 9 . 1 . . 4 . . . . 3 . 1 1 Parts Built 8 | . . . . . . 2 . . . . . . . . . 3 . . . . 3 . . . . . . Authchips . | . . . . . . . . . . . . . . . . . . . . . . . . . . . . Time 664 | . . . . . . 47 . . . . . . . . . 337 . . . . 280 . . . . . . Total Part Build Rating 49 | . . . . . . 10 . . . . . . . . . 18 . . . . 21 . . . . . . Part Studies Acquired 8 | . . . . . 4 2 . . . . . . . . . . . . . . . . 1 1 . . . Parts Repaired . | . . . . . . . . . . . . . . . . . . . . . . . . . . . . Time . | . . . . . . . . . . . . . . . . . . . . . . . . . . . . Parts Recycled . | . . . . . . . . . . . . . . . . . . . . . . . . . . . . Recycled Matter . | . . . . . . . . . . . . . . . . . . . . . . . . . . . . Retrieved Matter . | . . . . . . . . . . . . . . . . . . . . . . . . . . . . Retrieved Components . | . . . . . . . . . . . . . . . . . . . . . . . . . . . . Parts Scanalyzed 2 | . . . . . . 1 . . . . . . . . . . . . . . . . . . . 1 . Part Schematics Acquired 2 | . . . . . . 1 . . . . . . . . . . . . . . . . . . . 1 . Parts Damaged . | . . . . . . . . . . . . . . . . . . . . . . . . . . . . Bothacking | -11 -10 -10 -10 -9 -8 -7 -7 -7 -7 -6 -6 -6 -6 -6 -5 -5 -5 -5 -5 -4 -4 -4 -3 -3 -2 -1 -1 ------------ Run | Yrd Mat Min Exi Min Mat Fac Low Low Zio Pro Fac Low Low Dat Pro Fac Upp Upp Zhi Pro Fac DSF Res Tes Res Acc Com Used RIF Installer . | . . . . . . . . . . . . . . . . . . . . . . . . . . . . Robots Hacked . | . . . . . . . . . . . . . . . . . . . . . . . . . . . . Non-combat . | . . . . . . . . . . . . . . . . . . . . . . . . . . . . Combat . | . . . . . . . . . . . . . . . . . . . . . . . . . . . . Robot Hacks Applied . | . . . . . . . . . . . . . . . . . . . . . . . . . . . . Relay Couplers Released 2 | . . . . . . . . . . . . . . . . . . . . . . . 2 . . . . Programmers 2 | . . . . . . . . . . . . . . . . . . . . . . . 2 . . . . Fabnet Peak Effective % . | . . . . . . . . . . . . . . . . . . . . . . . . . . . . Robots Rewired . | . . . . . . . . . . . . . . . . . . . . . . . . . . . . Allies Hacked 1 | . . . . . . . . . . . . . . . . . . . . . . . 1 . . . . Hacks Repelled . | . . . . . . . . . . . . . . . . . . . . . . . . . . . . Allies | -11 -10 -10 -10 -9 -8 -7 -7 -7 -7 -6 -6 -6 -6 -6 -5 -5 -5 -5 -5 -4 -4 -4 -3 -3 -2 -1 -1 -------- Run | Yrd Mat Min Exi Min Mat Fac Low Low Zio Pro Fac Low Low Dat Pro Fac Upp Upp Zhi Pro Fac DSF Res Tes Res Acc Com Total Allies 14 | . . . . . 1 1 . . . . 1 . . . . 5 . . . . . . 2 1 . 3 . Largest Group 3 | . . . . . 1 1 1 1 . . 1 . . . . 3 . . . . . . 2 1 . 3 . Highest-Rated Group 150 | . . . . . 10 26 26 26 . . 26 . . . . 108 . . . . . . 127 45 . 150 . Highest-Rated Ally 82 | . . . . . 10 26 26 26 . . 26 . . . . 41 . . . . . . 82 45 . 52 . Total Orders . | . . . . . . . . . . . . . . . . . . . . . . . . . . . . Ally Attacks 81 | . . . . . 41 . . . . . . . . . . 22 . . . . . . 12 . . 6 . Total Damage 1773 | . . . . . 114 . . . . . . . . . . 788 . . . . . . 472 . . 399 . Kills 17 | . . . . . 5 . . . . . . . . . . 6 . . . . . . 4 . . 2 . Allies Corrupted 2 | . . . . . . . . . . . . . . . . 1 . . . . . . 1 . . . . Allies Melted . | . . . . . . . . . . . . . . . . . . . . . . . . . . . . Intel | -11 -10 -10 -10 -9 -8 -7 -7 -7 -7 -6 -6 -6 -6 -6 -5 -5 -5 -5 -5 -4 -4 -4 -3 -3 -2 -1 -1 ------- Run | Yrd Mat Min Exi Min Mat Fac Low Low Zio Pro Fac Low Low Dat Pro Fac Upp Upp Zhi Pro Fac DSF Res Tes Res Acc Com Active Infowar (turns) 7426 | . . . . . . . . . . . . . . . 210 1288 260 353 155 229 553 19 489 698 123 1037 2012 Optics 650 | . . . . . . . . . . . . . . . . . . . . . . . . . . . 650 Decoding 2518 | . . . . . . . . . . . . . . . 210 1288 260 353 155 229 23 . . . . . . Cloaking 4897 | . . . . . . . . . . . . . . . . . . . . . 526 19 489 698 123 1035 2007 Jamming 7182 | . . . . . . . . . . . . . . . . 1254 260 353 155 229 553 19 489 698 123 1037 2012 Robot Analysis Total 9 | . 1 . . . 1 . . . . . . . . . . 3 . . 4 . . . . . . . . Derelict Logs Recovered 17 | . . 1 . 1 . . . 1 1 1 . 2 2 . 2 . 3 1 . 2 . . . . . . . Drone Launches 11 | . . . . 3 8 . . . . . . . . . . . . . . . . . . . . . . Drone Recoveries 11 | . . . . . 11 . . . . . . . . . . . . . . . . . . . . . . Decoded 0b10 Intel 41 | . . . . . . . . . . . . . . . . 40 . . . . 1 . . . . . . Traps 1 | . . . . . . . . . . . . . . . . 1 . . . . . . . . . . . Emergency Access 6 | . . . . . . . . . . . . . . . . 6 . . . . . . . . . . . Items 26 | . . . . . . . . . . . . . . . . 26 . . . . . . . . . . . Machines 5 | . . . . . . . . . . . . . . . . 4 . . . . 1 . . . . . . Patrols 3 | . . . . . . . . . . . . . . . . 3 . . . . . . . . . . . Exploration | -11 -10 -10 -10 -9 -8 -7 -7 -7 -7 -6 -6 -6 -6 -6 -5 -5 -5 -5 -5 -4 -4 -4 -3 -3 -2 -1 -1 ------------- Run | Yrd Mat Min Exi Min Mat Fac Low Low Zio Pro Fac Low Low Dat Pro Fac Upp Upp Zhi Pro Fac DSF Res Tes Res Acc Com Turns Passed 10714 | 12 37 117 68 198 207 453 117 156 235 433 377 357 159 36 536 1288 260 353 155 229 553 19 489 698 123 1037 2012 Spaces Moved 22775 | 24 74 195 136 293 447 904 361 441 644 754 839 773 533 109 931 2253 674 465 168 715 1221 80 1135 1299 255 2958 4094 Core 663 | 24 74 195 136 234 . . . . . . . . . . . . . . . . . . . . . . . Treads . | . . . . . . . . . . . . . . . . . . . . . . . . . . . . Legs . | . . . . . . . . . . . . . . . . . . . . . . . . . . . . Wheels . | . . . . . . . . . . . . . . . . . . . . . . . . . . . . Hover . | . . . . . . . . . . . . . . . . . . . . . . . . . . . . Flight 22112 | . . . . 59 447 904 361 441 644 754 839 773 533 109 931 2253 674 465 168 715 1221 80 1135 1299 255 2958 4094 Fastest Speed 11 | 50 50 50 50 40 29 26 27 27 27 20 27 29 29 29 29 25 25 21 21 21 21 20 17 20 20 11 12 Average Speed 24 | 50 50 50 50 47 31 28 27 27 27 26 28 29 29 29 29 27 25 24 77 24 24 22 22 23 23 19 14 Slowest Speed 93 | 50 50 50 50 50 40 32 27 27 27 27 29 29 29 29 29 29 25 25 93 25 25 23 23 24 24 90 84 Overloaded Moves 705 | . . . . . . . . . . 41 . . . . . . . 102 36 38 14 24 23 19 20 36 352 Propulsion Burnouts . | . . . . . . . . . . . . . . . . . . . . . . . . . . . . Robots Hopped 67 | . . . . . 1 3 . . . 1 9 . . . . 11 . . . . 4 . 3 6 1 16 12 Potential Cave-ins 11 | . . . . . . . . . . . . . . . . 2 . . . . . . . 8 . . 1 Cave-ins Triggered 4 | . . . . . . . . . . . . . . . . . . . . . . . . 2 . 1 1 Exploration Rate (%) 54 | 3 16 57 50 55 37 25 58 47 78 80 21 78 71 77 92 57 65 67 62 79 28 62 26 91 9 67 58 Regions Visited 27 Branch Regions 17 Pre-discovered Areas 10 | . . 1 1 . . . . 1 1 1 . . . . 1 . 1 . 3 . . . . . . . . Known Exits Taken 10 | . . . . . 1 1 . . . 1 1 . . . . 1 . 1 . 1 1 . 1 . . 1 . Unknown Exits Taken 16 | 1 1 1 1 1 . . 1 1 1 . . 1 1 1 1 . 1 . 1 . . . . 1 1 . . Scrap Searched 22 | . . 1 . 1 . . . 3 1 4 . 2 2 . 1 . 1 2 . 4 . . . . . . . Spaces Dug 95 | . . . . . 2 . . . . . 4 . . . . 20 . . . . 6 . 4 15 . 13 31 Terrain Destroyed 104 | . . . . 6 5 . . . . . 4 . . . . 20 . . . . 6 . 4 15 . 13 31 Melee 95 | . . . . . 2 . . . . . 4 . . . . 20 . . . . 6 . 4 15 . 13 31 Projectile . | . . . . . . . . . . . . . . . . . . . . . . . . . . . . AOE 9 | . . . . 6 3 . . . . . . . . . . . . . . . . . . . . . . Terrain Rammed . | . . . . . . . . . . . . . . . . . . . . . . . . . . . . Walls Destroyed . | . . . . . . . . . . . . . . . . . . . . . . . . . . . . Machines Disabled . | . . . . . . . . . . . . . . . . . . . . . . . . . . . . Actions | -11 -10 -10 -10 -9 -8 -7 -7 -7 -7 -6 -6 -6 -6 -6 -5 -5 -5 -5 -5 -4 -4 -4 -3 -3 -2 -1 -1 --------- Run | Yrd Mat Min Exi Min Mat Fac Low Low Zio Pro Fac Low Low Dat Pro Fac Upp Upp Zhi Pro Fac DSF Res Tes Res Acc Com Total 26865 | 23 73 213 135 340 495 1041 377 472 702 950 942 881 534 111 1137 2777 745 677 187 747 1414 80 1314 1598 306 3318 5276 Wait 2619 | . . 15 . 32 21 61 16 15 41 133 40 59 . 2 146 378 48 178 6 12 81 . 92 122 39 221 861 Move 22621 | 23 73 194 135 292 444 898 360 440 643 751 821 772 532 108 930 2232 673 464 167 714 1214 79 1128 1286 252 2926 4070 Hop 59 | . . . . . 1 2 . . . 1 8 . . . . 9 . . . . 2 . 3 5 1 15 12 Pick Up 22 | . . . . . 1 1 . . 3 . 1 . . . . 1 2 2 2 . 2 . 1 2 . 2 2 Fast Attach 76 | . . 1 . 2 5 5 . 4 1 5 3 2 . . 1 6 1 1 2 1 4 . 7 12 1 7 5 Attach 3 | . . . . . . 1 . . . . 1 . . . . 1 . . . . . . . . . . . Detach 1 | . . . . . . . . . . . 1 . . . . . . . . . . . . . . . . Swap 78 | . . . . 1 4 13 . . 1 1 7 . . . . 9 . . 2 . 8 1 2 11 2 8 8 Drop 88 | . . . . . 2 7 . 1 4 5 5 . . . . 8 1 2 3 . 11 . 5 15 1 9 9 Fire 18 | . . . . 8 10 . . . . . . . . . . . . . . . . . . . . . . Melee 724 | . . . . . 2 28 1 2 3 45 45 19 2 1 45 95 12 22 4 16 48 . 37 74 10 77 136 Ram 3 | . . 3 . . . . . . . . . . . . . . . . . . . . . . . . . Kick . | . . . . . . . . . . . . . . . . . . . . . . . . . . . . Crush . | . . . . . . . . . . . . . . . . . . . . . . . . . . . . Escape Stasis 91 | . . . . . . . . . . . . . . . . . . . . . . . 15 16 . . 60 Rewire . | . . . . . . . . . . . . . . . . . . . . . . . . . . . . Trap . | . . . . . . . . . . . . . . . . . . . . . . . . . . . . Miscellaneous 462 | . . . . 5 5 25 . 10 6 9 10 29 . . 15 38 8 8 1 4 44 . 24 55 . 53 113 Route ------- -11/Scrapyard -10/Materials -10/Mines (discovered 2 exits: [*Mat] / *Exi) -10/Exiles -9/Mines -8/Materials (discovered 3 exits: *Fac x3) -7/Factory (discovered 6 exits: *Fac x4 / *Low x2) -7/Lower Caves -7/Lower Caves -7/Zion -6/Proximity Caves -6/Factory (discovered 2 exits: *Fac / *Low) -6/Lower Caves -6/Lower Caves (discovered 2 exits: *Fac / *Dat) -6/Data Miner -5/Proximity Caves -5/Factory (discovered 6 exits: *Fac x4 / *Upp x2) -5/Upper Caves -5/Upper Caves (discovered 2 exits: *Fac / *Zhi) -5/Zhirov -4/Proximity Caves -4/Factory (discovered 5 exits: *Res x4 / DSF) -4/DSF -3/Research (discovered 4 exits: *Res / Arm / *Tes x2) -3/Testing -2/Research -1/Access -1/Command (discovered 2 exits: Sur x2) History --------- Turn | Location | Event 7 | -11/Scrapyard | Discovered new exit (range 13) 13 | -11/Scrapyard | Entered Materials 29 | -10/Materials | Discovered new exit (range 15) 35 | -10/Materials | Central database locked down 50 | -10/Materials | Entered Mines 51 | -10/Mines | Assembled infested the area 56 | -10/Mines | Met a Derelict bent on vengeance 60 | -10/Mines | Found a Scrap Suit stashed away for nefarious purposes 105 | -10/Mines | Discovered new exit (range 5) 144 | -10/Mines | Met 8R-AWN 159 | -10/Mines | Discovered new exit (range 5) 167 | -10/Mines | Entered Exiles 180 | -10/Exiles | Welcomed by 8R-AWN 188 | -10/Exiles | Met EX-HEX 206 | -10/Exiles | Met EX-BIN 213 | -10/Exiles | Met EX-DEC 217 | -10/Exiles | Learned location of Zion (-7) 231 | -10/Exiles | Discovered new exit (range 10) 235 | -10/Exiles | Entered Mines 237 | -9/Mines | Learned 2 Materials zone layouts 316 | -9/Mines | Build established: Hacker-Mutant 336 | -9/Mines | Reached level 2 397 | -9/Mines | Discovered new exit (range 15) 416 | -9/Mines | Found the Drone Emporium 417 | -9/Mines | Found Prototype Device 417 | -9/Mines | Identified Thief Drone Bay 433 | -9/Mines | Entered Materials 433 | -8/Materials | Accompanied by 3 allies 434 | -8/Materials | Identified exit to Factory 435 | -8/Materials | Reached level 3 473 | -8/Materials | Upgraded with Propulsion slot (x2) 482 | -8/Materials | Upgraded with Propulsion slot (x1) 517 | -8/Materials | Upgraded with Utility slot (x1) 640 | -8/Materials | Entered Factory 642 | -7/Factory | Reached level 4 642 | -7/Factory | Upgraded with Utility slot (x1) 660 | -7/Factory | Identified exit to Factory 775 | -7/Factory | Build established: Hacker-Sprinter 778 | -7/Factory | Discovered new exit (range 14) 787 | -7/Factory | Reached level 5 794 | -7/Factory | Upgraded with Utility slot (x1) 852 | -7/Factory | Upgraded with Weapon slot (x1) 905 | -7/Factory | Central database locked down 916 | -7/Factory | Identified exit to Lower Caves 986 | -7/Factory | Fabricated Force Field (x2) 1093 | -7/Factory | Entered Lower Caves 1093 | -7/Lower Caves | Accompanied by 1 ally 1095 | -7/Lower Caves | Reached level 6 1095 | -7/Lower Caves | Upgraded with Utility slot (x1) 1108 | -7/Lower Caves | Encountered a Warlord checkpoint 1194 | -7/Lower Caves | Discovered new exit (range 10) 1210 | -7/Lower Caves | Entered another Lower Caves area 1210 | -7/Lower Caves | Accompanied by 1 ally 1262 | -7/Lower Caves | Attacked by a faux Warlord 1308 | -7/Lower Caves | Discovered new exit (range 12) 1366 | -7/Lower Caves | Entered Zion 1374 | -7/Zion | Given A8's code to call for help 1384 | -7/Zion | Found GAL Module 1388 | -7/Zion | Discovered new exit (range 8) 1493 | -7/Zion | Met Imprinter 1536 | -7/Zion | Received a visual enhancement algorithm 1601 | -7/Zion | Entered Proximity Caves 1603 | -6/Proximity Caves | Reached level 7 1726 | -6/Proximity Caves | Reached level 8 1773 | -6/Proximity Caves | Core integrity fell below 50% 1859 | -6/Proximity Caves | Attracted the attention of an 0b10 checkpoint 2029 | -6/Proximity Caves | Discovered exit to Factory (range 15) 2034 | -6/Proximity Caves | Entered Factory 2035 | -6/Factory | Identified exit to Lower Caves 2035 | -6/Factory | Core integrity fell below 50% 2036 | -6/Factory | Reached level 9 2161 | -6/Factory | Reached level 10 2173 | -6/Factory | Upgraded with Utility slot (x1) 2213 | -6/Factory | Upgraded with Utility slot (x1) 2353 | -6/Factory | Discovered new exit (range 9) 2411 | -6/Factory | Entered Lower Caves 2455 | -6/Lower Caves | Attracted the attention of an 0b10 checkpoint 2455 | -6/Lower Caves | Reached level 11 2474 | -6/Lower Caves | Upgraded with Weapon slot (x2) 2712 | -6/Lower Caves | Discovered new exit (range 8) 2724 | -6/Lower Caves | Learned 8 Factory zone layouts 2728 | -6/Lower Caves | Learned Factory terminal intel 2768 | -6/Lower Caves | Entered another Lower Caves area 2782 | -6/Lower Caves | Discovered new exit (range 10) 2784 | -6/Lower Caves | Learned Factory terminal intel 2814 | -6/Lower Caves | Spotted B-75 Beast 2915 | -6/Lower Caves | Discovered new exit (range 4) 2927 | -6/Lower Caves | Entered Data Miner 2927 | -6/Data Miner | Discovered new exit (range 6) 2929 | -6/Data Miner | Reached level 12 2933 | -6/Data Miner | Met Data Miner 2943 | -6/Data Miner | Received God Mode back door access code from Data Miner 2959 | -6/Data Miner | Data Conduit disabled 2963 | -6/Data Miner | Entered Proximity Caves 3002 | -5/Proximity Caves | Reached level 13 3261 | -5/Proximity Caves | Reached level 14 3288 | -5/Proximity Caves | Upgraded with Utility slot (x1) 3327 | -5/Proximity Caves | Attracted the attention of an 0b10 checkpoint 3431 | -5/Proximity Caves | Discovered new exit (range 8) 3462 | -5/Proximity Caves | Learned location of Warlord (-4) 3499 | -5/Proximity Caves | Entered Factory 3501 | -5/Factory | Loaded intel: 26 terminal locations 3501 | -5/Factory | Reached level 15 3510 | -5/Factory | Watched by a mysterious "MATRIX" hacker. 3531 | -5/Factory | Upgraded with Utility slot (x1) 3574 | -5/Factory | Spotted B-75 Beast 3726 | -5/Factory | Discovered new exit (range 16) 3751 | -5/Factory | Reached level 16 3856 | -5/Factory | Destroyed 8 combat bots 3864 | -5/Factory | Reached level 17 3877 | -5/Factory | Found Prototype Processor 3877 | -5/Factory | Identified Exp. Targeting Computer 4061 | -5/Factory | Discovered new exit (range 5) 4133 | -5/Factory | Fabricated Cld. Nuclear Pulse Thruster? 4148 | -5/Factory | Fabricated Cld. Nuclear Pulse Thruster? 4172 | -5/Factory | Reached level 18 4217 | -5/Factory | Upgraded with Propulsion slot (x1) 4354 | -5/Factory | Discovered new exit (range 13) 4515 | -5/Factory | Fabricated Cld. Nuclear Pulse Thruster? 4615 | -5/Factory | Identified exit to Upper Caves 4697 | -5/Factory | Reached level 19 4699 | -5/Factory | Upgraded with Utility slot (x1) 4740 | -5/Factory | Identified exit to Factory 4787 | -5/Factory | Entered Upper Caves 4813 | -5/Upper Caves | Learned Factory stockpile data 4814 | -5/Upper Caves | Learned Factory stockpile data 4890 | -5/Upper Caves | Reached level 20 4946 | -5/Upper Caves | Destroyed 9 combat bots 4985 | -5/Upper Caves | Discovered new exit (range 10) 5047 | -5/Upper Caves | Entered another Upper Caves area 5055 | -5/Upper Caves | Discovered exit to Factory (range 10) 5057 | -5/Upper Caves | Attracted the attention of an 0b10 checkpoint 5085 | -5/Upper Caves | Reached level 21 5116 | -5/Upper Caves | Identified exit to Zhirov 5121 | -5/Upper Caves | Encountered a Warlord checkpoint 5177 | -5/Upper Caves | Upgraded with Utility slot (x1) 5400 | -5/Upper Caves | Entered Zhirov 5400 | -5/Zhirov | Discovered new exit (range 3) 5404 | -5/Zhirov | Met Zhirov 5420 | -5/Zhirov | Found Alien Artifact 5420 | -5/Zhirov | Identified Integrated Reactor 5420 | -5/Zhirov | Installed Integrated Reactor, increased core energy generation (+10) 5438 | -5/Zhirov | Found Alien Artifact 5525 | -5/Zhirov | Learned location of Quarantine (-2) 5525 | -5/Zhirov | Learned location of Testing (-3) 5525 | -5/Zhirov | Learned location of Command (-1) 5530 | -5/Zhirov | Zhirov requested help retrieving the SGEMP Prototype 5555 | -5/Zhirov | Entered Proximity Caves 5563 | -4/Proximity Caves | Reached level 22 5584 | -4/Proximity Caves | Attracted the attention of an 0b10 checkpoint 5657 | -4/Proximity Caves | Spotted B-86 Titan 5698 | -4/Proximity Caves | Attracted the attention of an 0b10 outpost 5737 | -4/Proximity Caves | Destroyed 7 combat bots 5784 | -4/Proximity Caves | Entered Factory 5786 | -4/Factory | Loaded intel: 25 terminal locations 5786 | -4/Factory | Reached level 23 5911 | -4/Factory | Core integrity fell below 50% 5927 | -4/Factory | Fabricated Q-thruster? 6080 | -4/Factory | Reached level 24 6191 | -4/Factory | Identified exit to Research 6191 | -4/Factory | Targeted by mysterious "MATRIX" hacker. 6212 | -4/Factory | Fabricated Lgt. Regenerative Plating? 6337 | -4/Factory | Identified exit to DSF 6337 | -4/Factory | Entered DSF 6345 | -4/DSF | Discovered exit to Research (range 15) 6356 | -4/DSF | Entered Research 6357 | -3/Research | Identified exit to Armory 6358 | -3/Research | Reached level 25 6358 | -3/Research | Reached level 26 6358 | -3/Research | Upgraded with Utility slot (x1) 6437 | -3/Research | Identified exit to Testing 6458 | -3/Research | Spotted B-86 Titan 6487 | -3/Research | Core integrity fell below 50% 6503 | -3/Research | Destroyed B-86 Titan 6569 | -3/Research | Found Prototype Hackware 6569 | -3/Research | Identified Exp. System Shield 6616 | -3/Research | Discovered new exit (range 14) 6845 | -3/Research | Entered Testing 6847 | -3/Testing | Reached level 27 6898 | -3/Testing | Spotted PG-0ONVH9JKXM 6962 | -3/Testing | Found Prototype Device 6962 | -3/Testing | Identified Exp. Focal Shield 6968 | -3/Testing | Found Prototype Processor 6968 | -3/Testing | Identified Spectral Analyzer 6981 | -3/Testing | Identified Transdimensional Reconstructor 7046 | -3/Testing | Spotted Alpha 7 7060 | -3/Testing | Destroyed Alpha 7 7070 | -3/Testing | Found Prototype Processor 7070 | -3/Testing | Identified Exp. Melee Analysis Suite 7092 | -3/Testing | Destroyed PG-0ONVH9JKXM 7120 | -3/Testing | P-80 Master assimilated allied Director 8a 7157 | -3/Testing | Crushed by falling debris 7175 | -3/Testing | Crushed by falling debris 7228 | -3/Testing | Reached level 28 7256 | -3/Testing | Discovered new exit (range 13) 7414 | -3/Testing | Destroyed CY-PHR 7429 | -3/Testing | Found Prototype Hackware 7429 | -3/Testing | Identified Quantum Router 7432 | -3/Testing | Found Prototype Device 7432 | -3/Testing | Identified Exp. Cloaking Device 7437 | -3/Testing | Found Prototype Device 7437 | -3/Testing | Identified Exp. Phase Shifter 7444 | -3/Testing | Found Prototype Hackware 7444 | -3/Testing | Identified System Mapper 7543 | -3/Testing | Entered Research 7544 | -2/Research | Core integrity fell below 50% 7545 | -2/Research | Reached level 29 7635 | -2/Research | Core integrity fell below 20% 7639 | -2/Research | Spotted B-90 Cyclops 7655 | -2/Research | Discovered new exit (range 5) 7666 | -2/Research | Entered Access 7667 | -1/Access | Core integrity fell below 50% 7667 | -1/Access | Core integrity fell below 20% 7668 | -1/Access | Reached level 30 7668 | -1/Access | Reached level 31 7721 | -1/Access | Upgraded with Utility slot (x1) 7728 | -1/Access | Build established: Wizard-Sprinter 7878 | -1/Access | Discovered new exit (range 8) 7898 | -1/Access | Spotted B-99 Colossus 7898 | -1/Access | Spotted B-99 Colossus 8001 | -1/Access | Upgraded with Propulsion slot (x1) 8096 | -1/Access | Reached level 32 8146 | -1/Access | Found Prototype Device 8146 | -1/Access | Identified Exp. EM Shield 8221 | -1/Access | Identified exit to Command 8486 | -1/Access | Spotted B-99 Colossus 8493 | -1/Access | Crushed by falling debris 8530 | -1/Access | Reached level 33 8703 | -1/Access | Entered Command 8705 | -1/Command | Reached level 34 8755 | -1/Command | Spotted B-99 Colossus 8768 | -1/Command | Found Prototype Processor 8768 | -1/Command | Identified Exp. Core Analyzer 8777 | -1/Command | Disengaged cave seal 8784 | -1/Command | Disengaged cave seal 8790 | -1/Command | Found Exp. Core Analyzer 8804 | -1/Command | Phase Generator disabled 8883 | -1/Command | Identified exit to Surface 8886 | -1/Command | Spotted B-99 Colossus 8953 | -1/Command | First assault squad dispatched 9052 | -1/Command | Destroyed 7 combat bots 9191 | -1/Command | Spotted Executioner 9191 | -1/Command | Spotted Executioner 9191 | -1/Command | Spotted Executioner 9191 | -1/Command | Spotted Executioner 9191 | -1/Command | Spotted Striker 9191 | -1/Command | Spotted Striker 9191 | -1/Command | Spotted Alpha 7 9191 | -1/Command | Spotted Alpha 7 9521 | -1/Command | Spotted M Guard 9581 | -1/Command | Destroyed Striker 9617 | -1/Command | Reached level 35 9772 | -1/Command | Destroyed Striker 9813 | -1/Command | Destroyed Executioner 9823 | -1/Command | Destroyed Executioner 9827 | -1/Command | Destroyed Executioner 9930 | -1/Command | Destroyed Alpha 7 9955 | -1/Command | Destroyed Alpha 7 9968 | -1/Command | Spotted B-99 Colossus 10051 | -1/Command | Destroyed Executioner 10086 | -1/Command | Spotted B-99 Colossus 10371 | -1/Command | Build established: Hacker-Sprinter 10561 | -1/Command | High security lockdown imminent 10641 | -1/Command | High security lockdown engaged 10676 | -1/Command | Crushed by falling debris 10715 | -1/Command | Destroyed by B-99 Colossus with Multirail Last Messages --------------- 10708_ Knocked back. 10708_ Triggered Stasis Trap. 10708_ A bubble of rippling energy engulfs the area. 10708_ Field strength at 94. 10708_ Penetrated by Slug. 10708_ Slug penetrates Wall. 10708_ Penetrated by Slug. 10708_ Slug penetrates Wall. 10708_ Dropped Force Lance+. 10709_ Field strength at 51. 10710_ Field strength at 45. 10711_ Penetrated by Slug. 10711_ Slug penetrates Wall. 10711_ Penetrated by Slug. 10711_ Field strength at 24. 10712_ Field strength at 18. 10713_ Field strength at 12. 10714_ Field strength at 6. 10715_ Stasis field depleted. Map ----- +----------------------------------------------------+ | ??????# "####### # = #????????#####/####+ | | ####### ##?????# # = #????????# ![]=%=] | | ## #??????# # #????????# =%=!/%! | | ## ########+###########+##????????# !%!!!= | | "" ## ## #?# #?????????#] !=[%% * | | """## ## = #?# #?????????# ! % | | T"## ## * #?# #?????????# "*[* = | | """## ## / ### #?????????# "" ! | | "" ## ## ! + #?????????# "R!* | | ## ## ####"#????????# "" * | | + ## """Y""" #???##????????# "" | | # ## """"""" #?????????????# % ] | | # ## #?????????????# % % | | #""### ## ! #?????????????#####/""%## | | ""# ####+####+########???????########### % | | [ =! #??????????????# # ## | | !%%! * #??????????????# # % #? | | = ]#######"#######??????????????#! "" =#! % #? | | *%=* #????###????????????????????# """ ="[| #? | | " ##??#############????????????# """" [#=%" ## | | ###???# BB##??###?????# "" # " # | | #?????# BB;;###;####?## # # | | #?????# ^^^ ; ;%% ;%;#### #]! # | | ##????# """"""^ ^^^ ^^^ %;;######;+;#!=% # | | !"##????????????" ^^=^^ ^^^ /% !=*=* # | | !!" #????????????" ^%^^@^%^^ / [ = ; | | *%= #?????????